 Dungeon Sprint DCSS version 0.21.2 (webtiles) character file.

244 Fang the Skirmisher (level 6, -6/66 HPs)
             Began as a Gargoyle Berserker on Sept 25, 2018.
             Was a High Priest of Trog.
             Mangled by a molten gargoyle
             ... wielding a +0 flail
              (12 damage)
             ... in the Dungeon (Sprint VII: "The Pits").
             The game lasted 00:01:32 (836 turns).

Fang the Skirmisher (Gargoyle Berserker)             Turns: 836, Time: 00:01:33

Health: -6/66      AC: 19    Str: 27    XL:     6   Next: 10%
Magic:  6/6        EV:  9    Int:  8    God:    Trog [*****.]
Gold:   0          SH:  0    Dex:  9    Spells: 5/5 levels left

rFire    . . .     SeeInvis .   m - +0 hand axe (freeze)
rCold    . . .     Gourm    .   (no shield)
rNeg     + . .     Faith    .   n - +2 plate armour
rPois    ∞         Spirit   .   (no helmet)
rElec    +         Reflect  .   (no cloak)
rCorr    .         Harm     .   (no gloves)
MR       .....     NoTele   +   (no boots)
Stlth    ..........             (no amulet)
HPRegen  0.21/turn              (no ring)
MPRegen  0.10/turn              (no ring)

@: berserking (expiring), very quick
A: negative energy resistance 1, electricity resistance, unbreathing,
petrification resistance, rot immunity, AC +4
a: Berserk, Trog's Hand, Brothers in Arms, Burn Spellbooks, Renounce Religion


You were in the Dungeon.
You worshipped Trog.
Trog was extremely pleased with you.
You were very hungry.

You visited 1 branch

Inventory:

Hand Weapons
 j - a +2 hand axe
 m - a +0 hand axe of freezing (weapon)
Armour
 n - a +2 plate armour (worn)
Scrolls
 i - a scroll of blinking
 k - 3 scrolls of remove curse
 l - a scroll of summoning
Potions
 a - 2 potions of invisibility
 d - 6 potions of curing
 e - 6 potions of heal wounds
 f - a potion of haste
 g - 4 potions of magic
 h - 3 potions of berserk rage
Comestibles
 c - 6 rations


   Skills:
 + Level 7.9 Fighting
 + Level 6.4 Axes
 + Level 7.4 Armour
 + Level 3.6 Dodging
 + Level 2.0 Stealth


You had 5 spell levels left.
You didn't know any spells.

Dungeon Overview and Level Annotations

Branches:
Dungeon (1/1)

Altars:
Cheibriados
Dithmenos
Elyvilon
Fedhas
Gozag
Hepliaklqana
Makhleb
Nemelex Xobeh
Okawaru
Qazlal
Ru
Sif Muna
Trog
Vehumet
Wu Jian
Xom
Yredelemnul
Zin
The Shining One
Beogh
Jiyva
Lugonu


Innate Abilities, Weirdness & Mutations

You are resistant to torment.
Your stone body is resilient. (AC +4)
You are immune to poison.
You resist negative energy. (rN+)
You are resistant to electric shocks. (rElec)
You can survive without breathing.
You are immune to petrification.
You are immune to rotting.


Message History

The molten gargoyle is heavily damaged.
The molten gargoyle blasts magma at you!
The bolt of magma hits you!
* * * LOW HITPOINT WARNING * * *
You barely miss the molten gargoyle.
The molten gargoyle is heavily damaged.
The molten gargoyle barely misses you.
You closely miss the molten gargoyle.
The molten gargoyle is heavily damaged.
Your plate armour prevents you from hitting the molten gargoyle.
The molten gargoyle is heavily damaged.
The molten gargoyle hits you but does no damage.
You hit the molten gargoyle. You freeze the molten gargoyle.
The molten gargoyle is severely damaged.
You hit the molten gargoyle but do no damage.
The molten gargoyle is severely damaged.
The molten gargoyle hits you with a flail.
* * * LOW HITPOINT WARNING * * *
You are engulfed in flames!
You die...

#.#......).##.......#
#.#........##.......#
#'###########.......#
#.).....# #########
#(###...# #)#.....#
#)#...#.#+#
#.....#.#9+
#...###.#@#
#.......†.#
###########


You could see a molten gargoyle.

Vanquished Creatures
  A hungry ghost (D)
  A scorpion (D)
  An orc wizard (D)
  A gnoll (D)
  A river rat (D)
  An ooze (D)
  4 orcs (D)
  2 ball pythons (D)
  A bat (D)
  A bat skeleton (D)
  A hobgoblin (D)
  A jackal (D)
  A quokka (D)
  A frilled lizard (D)
  A giant cockroach zombie (D)
  A kobold (D)
20 creatures vanquished.

Notes
Turn   | Place    | Note
-------+----------+-------------------------------------------
     0 | D        | Fang the Gargoyle Berserker began the quest for the Orb.
     0 | D        | Reached XP level 1. HP: 14/14 MP: 1/1
    21 | D        | Found a bloodstained altar of Trog.
    21 | D        | Found a deep blue altar of Sif Muna.
    21 | D        | Found a viscous altar of Jiyva.
    21 | D        | Found a hazy altar of Hepliaklqana.
    21 | D        | Found an opulent altar of Gozag.
    22 | D        | Found a glowing golden altar of the Shining One.
    22 | D        | Found a glowing silver altar of Zin.
    22 | D        | Found a basalt altar of Yredelemnul.
    22 | D        | Found a shimmering altar of Xom.
    22 | D        | Found an ornate altar of the Wu Jian Council.
    22 | D        | Found a sacrificial altar of Ru.
    22 | D        | Found a stormy altar of Qazlal.
    22 | D        | Found an iron altar of Okawaru.
    22 | D        | Found a sparkling altar of Nemelex Xobeh.
    22 | D        | Found a burning altar of Makhleb.
    22 | D        | Found a blossoming altar of Fedhas.
    22 | D        | Found a white marble altar of Elyvilon.
    22 | D        | Found a shadowy altar of Dithmenos.
    22 | D        | Found a snail-covered altar of Cheibriados.
    24 | D        | Found a radiant altar of Vehumet.
    24 | D        | Found a corrupted altar of Lugonu.
    24 | D        | Found a roughly hewn altar of Beogh.
    71 | D        | Reached ** piety under Trog
    71 | D        | Reached XP level 2. HP: 17/20 MP: 2/2
   171 | D        | Reached *** piety under Trog
   179 | D        | HP: 1/30 [gnoll/spear (6)]
   180 | D        | Reached skill level 5 in Fighting
   180 | D        | Reached XP level 3. HP: 1/26 MP: 3/3
   550 | D        | Noticed a hungry ghost
   554 | D        | Reached **** piety under Trog
   556 | D        | Received a gift from Trog
   560 | D        | Noticed a scorpion
   560 | D        | Reached skill level 1 in Stealth
   560 | D        | Reached XP level 4. HP: 32/32 MP: 4/4
   577 | D        | Paralysed by fainting for 10 turns
   595 | D        | Paralysed by fainting for 12 turns
   625 | D        | Killed a hungry ghost
   625 | D        | Reached XP level 5. HP: 31/38 MP: 5/5
   631 | D        | Reached ***** piety under Trog
   639 | D        | Reached XP level 6. HP: 34/44 MP: 6/6
   823 | D        | Noticed a molten gargoyle
   836 | D        | Mangled by a molten gargoyle

Skill      XL: |  1  2  3  4  5 |
---------------+----------------+-----
Axes           | 3 4 6 |  6.4
Fighting       | 4 5 6 7 |  7.9
Dodging        | 2 3 |  3.6
Armour         | 3 6 7 |  7.4
Stealth        | 1 2 |  2.0

Action                   |  1- 3 |  4- 6 || total
-------------------------+-------+-------++-------
Melee: Hand axe          |    30 |    80 ||   110
Invok: Berserk           |     2 |     1 ||     3
  Eat: Ration            |       |     3 ||     3
Armor: Animal skin       |     9 |       ||     9
       Plate armour      |     9 |    65 ||    74
Dodge: Dodged            |    20 |    21 ||    41
